groovejumper, neutral female human Wizard ------------ |..........+## |..........|## |>.......(.|# # ----#--------- |..........+#####..[....:.....| -.--------.-# # |..q......$..| # #### .............| # # |............. ############# |.....b......| ----.--- ------#------- |.....<+ |......| |......| |......-######################### |......| |......| -------- groovejumper the Thaumaturge Experience level: 6 Strength: 10 Dexterity: 12 Constitution: 17 Intelligence: 17 Wisdom: 10 Charisma: 9 Health: 0(47) Energy: 59(59) AC: 5 Gold: 2256 Moves: 2343 Your Inventory: Coins $ - 2256 gold pieces Weapons a - a blessed +1 quarterstaff (weapon in hands) Armor b - an uncursed +0 cloak of magic resistance (being worn) E - a blessed +1 pair of kicking boots of stealth (being worn) P - a [blessed] +0 leather armor (being worn) Comestibles U - an [uncursed] tin [of goblin meat] Scrolls i - 2 uncursed scrolls of destroy armor j - 2 uncursed scrolls of confuse monster x - an uncursed scroll of stinking cloud G - an uncursed scroll of remove curse H - 2 uncursed scrolls of light N - an [uncursed] scroll labeled READ ME [of taming] R - a [cursed] scroll of light Spellbooks k - a blessed spellbook of force bolt l - an uncursed spellbook of light I - an [uncursed] spellbook of remove curse Potions f - a blessed potion of confusion g - a blessed potion of object detection h - an uncursed potion of object detection r - an uncursed potion of levitation u - a cursed potion of extra healing v - a potion of unholy water D - an uncursed potion of enlightenment M - an [uncursed] potion of object detection Rings d - an uncursed ring of regeneration (on right hand) e - an uncursed +1 ring of gain constitution Wands c - an uncursed wand of make invisible (0:7) y - an uncursed wand of light (0:11) C - a cursed wand of lightning (0:5) S - an [uncursed] wand of light [0:14] Tools n - an uncursed figurine of a jackal z - an uncursed lock pick K - an uncursed blindfold O - an [uncursed] key [skeleton key] Spells known in the end: Name Level Category Fail Memory a - force bolt 1 attack 0% [||||||||] b - light 1 divination 0% [||||||||] c - fireball 4 attack 75% [||||||||] d - remove curse 3 clerical 89% [||||||||] Your skills at the end: Fighting Skills Weapon Skills quarterstaff [Basic / Expert] Spellcasting Skills attack spells [Basic / Expert] enchantment spells [Basic / Skilled] Final Attributes: You were devoutly aligned. Hunger level was -137. Your alignment was 14 / 21. Monster difficulty range was 0 - 5. Level difficulty was 4. You were magic-protected. You were invisible. You were stealthy. You regenerated. You were unlucky (-1). You are dead. Vanquished creatures: a shopkeeper a small mimic 2 elf zombies a kitten a dwarf a homunculus an orc zombie a gas spore a manes a large kobold 3 giant rats 2 cave spiders a yellow mold a gnome zombie a gecko 2 kobolds 3 goblins a sewer rat 2 grid bugs a bat 5 lichens 3 kobold zombies 4 newts 40 creatures vanquished. Voluntary challenges: You used a wielded weapon 46 times. You read items or engraved 9 times. You put on armor 4 times. You never genocided any monsters. You never polymorphed an object. You never changed form. You used no wishes. You never wrote Elbereth's name. You never encountered a bones level. You never used any Sokoban shortcuts. Dungeon overview: The Dungeons of Doom: levels 1 to 4 Level 1 a long staircase Level 3 a general store, a fountain stairs to The Gnomish Mines Level 4 <- You were here The Gnomish Mines: Level 4 stairs to The Dungeons of Doom History has recorded: On T:1 you entered the Dungeons of Doom to retrieve the Amulet of Yendor! On T:279 you advanced to experience level 2. On T:383 you reached level 2 of The Dungeons of Doom. On T:583 you advanced to experience level 3. On T:805 you reached level 3 of The Dungeons of Doom. On T:930 you advanced to experience level 4. On T:1000 you reached level 1 of The Gnomish Mines. On T:1072 you advanced to experience level 5. On T:1425 you advanced to experience level 6. On T:2035 you reached level 4 of The Dungeons of Doom. Latest messages: The rothe hits! The rothe misses. The rothe bites! [HP-3=29] The rothe hits! The rothe bites! The rothe just misses! [HP-3=26] The rothe hits! The rothe bites! (2x) [HP-7=19] [HP+1=20] The rothe hits! The rothe bites! The rothe just misses! [HP-2=18] The rothe hits! The rothe bites! (2x) [HP-5=13] The rothe hits! The rothe bites! (2x) [HP-10=3] [HP+1=4] The rothe hits! The rothe bites! You die... Final status: Goodbye groovejumper the Wizard... You died in The Dungeons of Doom on dungeon level 4 with 4419 points, and 2256 pieces of gold, after 2343 moves. You were level 6 with a maximum of 47 hit points when you died.